 Dungeon Crawl Stone Soup version 0.28-a0-843-gb979743d38 (webtiles) character file.

Game seed: 11094127811282703304

4652 Iepvzaeh the Cleaver (level 10, -12/90 HPs)
             Began as a Minotaur Fighter on Nov 12, 2021.
             Was an Initiate of Okawaru.
             Mangled by a white ugly thing (27 damage)
             ... on level 8 of the Dungeon.
             The game lasted 00:24:59 (8423 turns).

Iepvzaeh the Cleaver (Minotaur Fighter)             Turns: 8423, Time: 00:25:01

Health: -12/90     AC: 17    Str: 30    XL:     10   Next: 20%
Magic:  9/9        EV: 13    Int:  5    God:    Okawaru [......]
Gold:   520        SH:  0    Dex: 10    Spells: 9/9 levels left

rFire   . . .      SeeInvis .   a - +4 great sword
rCold   . . .      Faith    .   (shield currently unavailable)
rNeg    . . .      Spirit   .   O - +0 plate armour {Will+}
rPois   .          Reflect  .   (helmet restricted)
rElec   .          Harm     .   K - +1 cloak of Starlight {*Dazzle EV+4 Stlth--}
rCorr   .          Rampage  .   h - +0 pair of gloves
Will    +....                   (no boots)
Stlth   ..........              p - amulet of regeneration
HPRegen 1.25/turn               z - +6 ring of strength
MPRegen 0.11/turn               (no ring)

@: no status effects
A: horns 2, retaliatory headbutt
a: Renounce Religion


You were on level 8 of the Dungeon.
You worshipped Okawaru.
Okawaru was noncommittal.
You visited 2 branches of the dungeon, and saw 10 of its levels.
You also visited: Sewer.

You collected 592 gold pieces.
You spent 72 gold pieces at shops.

Inventory:

Hand Weapons
 a - a +4 great sword (weapon)
 b - a +0 shortbow
 C - a +0 war axe
 H - a +4 mace of freezing
 J - a +3 war axe
Missiles
 i - 23 poisoned darts (quivered)
 l - 31 arrows
 x - 2 curare-tipped darts
 M - 6 atropa-tipped darts
Armour
 c - a +0 buckler
 h - a +0 pair of gloves (worn)
 y - a +0 cloak
 D - a +0 scale mail
 K - the +1 cloak of Starlight (worn) {*Dazzle EV+4 Stlth--}
   (You found it on level 8 of the Dungeon)

   It may blind those who miss an attack against the wearer in melee combat.
   EV:        It affects your evasion (+4).
   Stlth:     It makes you much less stealthy.
 L - the +2 leather armour "Ynonwaf" {Str+2}
   (You found it on level 7 of the Dungeon)

   Str:       It affects your strength (+2).
 O - a +0 plate armour of willpower (worn)
 P - a +0 chain mail of poison resistance
Jewellery
 k - an amulet of guardian spirit
 p - an amulet of regeneration (around neck)
 z - a +6 ring of strength (left hand)
Wands
 v - a wand of acid (6)
 S - a wand of iceblast (13)
Scrolls
 d - 10 scrolls of teleportation
 f - 2 scrolls of immolation
 g - 2 scrolls of blinking
 j - 2 scrolls of magic mapping
 q - 2 scrolls of enchant weapon
 s - a scroll of enchant armour
 u - 3 scrolls of silence
 w - 2 scrolls of noise
 E - a scroll of fog {unknown}
 F - 2 scrolls of amnesia {unknown}
 N - a scroll of vulnerability {unknown}
Potions
 e - 2 potions of degeneration
 m - a potion of cancellation {unknown}
 n - a potion of curing
 o - 3 potions of attraction
 r - 2 potions of flight
 t - 3 potions of might
 A - 3 potions of mutation {unknown}
 B - a potion of brilliance {unknown}
 G - a potion of invisibility {unknown}
 I - 2 potions of magic
 Q - a potion of lignification {unknown}
 R - 2 potions of haste


   Skills:
 * Level 8.5 Fighting
 + Level 0.5 Long Blades
 + Level 9.1(9.6) Axes
 + Level 4.8(7.6) Maces & Flails
 + Level 6.0 Bows
 + Level 2.2 Throwing
 + Level 8.5 Armour
 + Level 4.3 Dodging
 + Level 1.2 Stealth
 + Level 5.3 Shields


You had 9 spell levels left.
You didn't know any spells.
Your spell library contained the following spells:

 Spells                   Type           Power      Damage    Failure   Level
 Apportation              Tloc           0%         N/A       99%         1
 Blink                    Tloc           0%         N/A       99%         2
 Corpse Rot               Necr/Air       0%         N/A       99%         2
 Ensorcelled Hibernation  Hex/Ice        0%         N/A       99%         2
 Poisonous Vapours        Pois/Air       0%         N/A       99%         2
 Inner Flame              Hex/Fire       0%         N/A       100%        3
 Cause Fear               Hex            0%         N/A       100%        4
 Manifold Assault         Tloc           0%         N/A       100%        5
 Storm Form               Tmut/Air       0%         N/A       100%        7
 Discord                  Hex            0%         N/A       100%        8
 Animate Skeleton         Necr           Unusable   N/A       N/A         1
 Summon Small Mammal      Summ           Unusable   N/A       N/A         1
 Tukima's Dance           Hex            Unusable   N/A       N/A         3

Dungeon Overview and Level Annotations

Branches:
Dungeon (9/15)             Temple (1/1) D:5           Sewer (visited)
   Lair: D:8-11         Orc: D:9-12

Altars:
Ashenzari
Cheibriados
Dithmenos
Elyvilon
Fedhas
Gozag
Hepliaklqana
Makhleb
Nemelex Xobeh
Okawaru
Qazlal
Ru
Sif Muna
Trog
Uskayaw
Vehumet
Wu Jian
Xom
Yredelemnul
Zin
The Shining One
Beogh

Shops:
D:4 ?   D:5 :   D:8 [

Annotations:
D:4 3 runed translucent doors, Stonecrops's ghost, amateur DsBe
D:6 1 runed translucent door, paps's ghost, novice OpDe


Innate Abilities, Weirdness & Mutations

You have a pair of horns on your head.
You reflexively headbutt those who attack you in melee.


Message History

The white ugly thing bites you but does no damage.
You slash the white ugly thing!
The white ugly thing is lightly wounded.
The white ugly thing misses you. You furiously retaliate!
You headbutt the white ugly thing.
The white ugly thing bites you but does no damage.
You barely miss the white ugly thing.
You headbutt the white ugly thing, but do no damage.
The white ugly thing is lightly wounded.
The white ugly thing bites you but does no damage.
The white ugly thing bites you! The white ugly thing freezes you!!
You slice the white ugly thing!!
Your headbutt misses the white ugly thing.
The white ugly thing is heavily wounded.
The white ugly thing barely misses you. You furiously retaliate!
You headbutt the white ugly thing!
The white ugly thing bites you but does no damage.
You closely miss the white ugly thing.
Your headbutt misses the white ugly thing.
The white ugly thing is severely wounded.
The white ugly thing bites you but does no damage.
You slash the white ugly thing!
The white ugly thing is severely wounded.
The white ugly thing bites you but does no damage.
The white ugly thing bites you. The white ugly thing freezes you!!
* * * LOW HITPOINT WARNING * * *
Unknown command.
You feel better. The white ugly thing barely misses you.
You see here a +0 hand axe.
You see here a +0 flail.
The white ugly thing bites you but does no damage.
The white ugly thing bites you. The white ugly thing freezes you!!
* * * LOW HITPOINT WARNING * * *
You slice the white ugly thing!!
Your headbutt misses the white ugly thing.
The white ugly thing is almost dead.
The white ugly thing bites you!
* * * LOW HITPOINT WARNING * * *
The white ugly thing freezes you!!
You die...

..#........#............<........
##'....###.....#.................
.......# ####.....#####...####.#.
######## ##.#### #...##..... #.#
#...##.#.#. #.# #...##.#.#.
########.##### #...##.#...
#######....)[..u...# #...##.#...
.....##.####....@..# #....#.#.##
...#.##.# #.).[...# ###.##.....
.#......# #.).....# #.###....
...#.#### #.....(.# #### #(.##
####.# #.......# ###..# #..##
.....# #.......# #....# #....
###### #####.##.###.._.###.###
#...............#...# #
#.###.#.######..#####


You could see a white ugly thing.

Vanquished Creatures
  Joseph (D:7)
  Grinder (D:4)
  Prince Ribbit (D:7)
  3 yaks (D:8)
  A steam dragon (D:6)
  2 water moccasins
  3 orc warriors
  3 ice beasts
  3 ogres (D:5)
  A centaur (D:6)
  3 phantoms
  2 kobold brigands
  A wyvern zombie (D:6)
  2 bullfrogs
  3 scorpions
  A killer bee (D:7)
  12 wights
  A howler monkey (D:6)
  4 electric eels (D:7)
  A centaur zombie (D:7)
  2 bullfrog zombies (D:6)
  3 jellies
  Crazy Yiuf (D:7)
  6 orc priests
  A hound (D:4)
  2 iguanas
  A bullfrog skeleton (D:5)
  A centaur skeleton (D:6)
  An orc wizard (D:7)
  A hound skeleton (D:5)
  A howler monkey skeleton (D:4)
  6 adders
  2 river rats
  A worm (D:5)
  12 dart slugs
  34 orcs
  4 endoplasms
  5 giant cockroaches
  7 hobgoblins
  5 jackals
  5 quokkas
  8 ball pythons
  6 bats
  A frilled lizard (D:3)
  7 goblins
  12 kobolds
  7 rats
191 creatures vanquished.

Vanquished Creatures (others)
  2 withered plants (D:6)
2 creatures vanquished.

Grand Total: 193 creatures vanquished

Notes
Turn   | Place    | Note
-------+----------+-------------------------------------------
     0 | D:1      | Iepvzaeh the Minotaur Fighter began the quest for the Orb.
     0 | D:1      | Reached XP level 1. HP: 19/19 MP: 0/0
   215 | D:1      | Reached XP level 2. HP: 27/27 MP: 1/1
   397 | D:1      | Found a faded altar of an unknown god.
   852 | D:2      | Noticed a scorpion
   863 | D:2      | Killed a scorpion
   864 | D:2      | Reached skill level 3 in Axes
   864 | D:2      | Reached XP level 3. HP: 16/34 MP: 2/2
   864 | D:2      | Reached XP level 4. HP: 20/41 MP: 3/3
  1997 | D:3      | Found an opulent altar of Gozag.
  2068 | D:3      | Reached skill level 4 in Axes
  2110 | D:3      | Found a burning altar of Makhleb.
  2110 | D:3      | Found a glowing golden altar of the Shining One.
  2489 | D:3      | Reached XP level 5. HP: 47/47 MP: 4/4
  2638 | D:4      | Reached skill level 1 in Dodging
  2764 | D:4      | Found a shadowy altar of Dithmenos.
  2827 | D:4      | Reached skill level 5 in Armour
  2957 | D:4      | Noticed a phantom
  2964 | D:4      | Killed a phantom
  2965 | D:4      | Reached skill level 5 in Axes
  2965 | D:4      | Reached XP level 6. HP: 48/55 MP: 5/5
  3146 | D:4      | Identified the +5 chain mail of Inviolability {Harm rPois
                  | rCorr}
  3147 | D:4      | Found a runed translucent gate.
  3147 | D:4      | Noticed Stonecrops's ghost (amateur DsBe)
  3148 | D:4      | Found a runed translucent gate.
  3149 | D:4      | Found a runed translucent gate.
  3272 | D:4      | Found Nosolury's Magic Scroll Shop.
  3275 | D:4      | Bought a scroll of teleportation for 36 gold pieces
  3275 | D:4      | Bought a scroll of noise for 12 gold pieces
  3275 | D:4      | Bought a scroll of identify for 24 gold pieces
  3383 | D:5      | Entered Level 5 of the Dungeon
  3436 | D:5      | HP: 2/55 [ogre (30)]
  3477 | D:5      | Reached skill level 5 in Fighting
  3477 | D:5      | Reached XP level 7. HP: 26/61 MP: 6/6
  3495 | D:5      | Noticed Grinder
  3497 | D:5      | Paralysed by Grinder for 4 turns
  3522 | D:4      | Killed Grinder
  3523 | D:4      | Reached skill level 6 in Axes
  3523 | D:4      | Reached skill level 1 in Throwing
  3532 | D:5      | Found a glowing drain.
  3541 | Sewer    | Entered a sewer
  3692 | Sewer    | Found a white marble altar of Elyvilon.
  3875 | D:5      | Reached skill level 7 in Axes
  3936 | D:5      | Found a radiant altar of Vehumet.
  4180 | D:5      | Reached XP level 8. HP: 39/69 MP: 7/7
  4266 | D:5      | Found a staircase to the Ecumenical Temple.
  4308 | Temple   | Entered the Ecumenical Temple
  4545 | D:5      | Found Affaylut's Book Boutique.
  4639 | D:5      | Reached skill level 5 in Shields
  4694 | D:5      | Found a shimmering blue altar of Sif Muna.
  4893 | D:6      | Found a bloodstained altar of Trog.
  4991 | D:6      | Reached skill level 1 in Maces & Flails
  5035 | D:6      | Reached skill level 8 in Axes
  5308 | D:6      | Found a runed translucent door.
  5333 | D:6      | Noticed paps's ghost (novice OpDe)
  5450 | D:6      | Reached XP level 9. HP: 73/78 MP: 8/8
  5595 | D:7      | Reached skill level 1 in Bows
  6121 | D:7      | Identified the +2 leather armour "Ynonwaf" {Str+2}
  6596 | D:7      | Noticed Joseph
  6813 | D:7      | Reached skill level 1 in Stealth
  6867 | D:7      | Noticed Prince Ribbit
  6879 | D:7      | Killed Prince Ribbit
  7057 | D:7      | Found a blossoming altar of Fedhas.
  7134 | D:7      | Killed Joseph
  7135 | D:7      | Reached skill level 5 in Bows
  7324 | D:7      | Found a hazy altar of Hepliaklqana.
  7405 | D:7      | Found a runed translucent door.
  7406 | D:7      | Noticed Crazy Yiuf
  7411 | D:7      | Killed Crazy Yiuf
  7548 | D:8      | Found the +1 cloak of Starlight {*Dazzle EV+4 Stlth--}
  7641 | D:8      | Found Riqeuxu's Armour Shoppe.
  7689 | D:8      | Reached XP level 10. HP: 88/88 MP: 9/9
  8326 | D:8      | Found an iron altar of Okawaru.
  8332 | D:8      | Became a worshipper of Warmaster Okawaru
  8384 | D:8      | Reached skill level 9 in Axes
  8385 | D:9      | Noticed a white ugly thing
  8423 | D:8      | Mangled by a white ugly thing

Illustrated notes

Levels and vault maps discovered:
D:1:      tarquinn_simple_flora_water_e, layout_loops_ring,
          basic_ecumenical_altar
D:2:      layout_basic, serial_glass, glass_columns_a, glass_columns_a,
          minmay_tetromino_t4
D:3:      layout_loops_cross, gammafunk_temple_overflow_statue,
          marbit_many_paths
D:4:      layout_loops_ring, lemuel_coloured_pillars_altar, serial_shops,
          nicolae_shop_behind_doors, biasface_ghost_orc_armoury
D:5:      layout_basic, lemuel_blue_sif_altar,
          mainiacjoe_overflow_small_starburst, minmay_temple_entry_hall,
          portal_sewer_entry_a, serial_shops, nicolae_square_shop,
          minmay_misc_feat_square, uniq_grinder
D:6:      layout_gridville, nicolae_overflow_hidden_temple,
          gammafunk_ghost_grave, serial_park_tiny_1, minmay_tree_intersection,
          minivault_1, minivault_24
D:7:      kennysheep_slugbush, layout_cave_pools, mainiacjoe_overflow_alcove_2,
          amcnicky_altar_gilded, wad_rectangle_vault, uniq_prince_ribbit1,
          uniq_crazy_yiuf_cottage, uniq_joseph
D:8:      layout_loops_cross, mainiacjoe_overflow_alcove_1, serial_shops,
          nicolae_lakefront_shop, minivault_11
D:9:      layout_basic, lair_entry_dummy
Temple:   bh_familiar_temple

Skill      XL: |  1  2  3  4  5  6  7  8  9 10 |
---------------+-------------------------------+-----
Fighting       | 4 5 6 8 |  8.5
Shields        | 4 5 |  5.3
Armour         | 4 5 6 7 8 |  8.5
Axes           | 3 4 5 7 8 9 |  9.1
Dodging        | 1 3 4 |  4.3
Throwing       | 1 2 |  2.2
Maces & Flails | 3 4 |  4.8
Bows           | 5 6 |  6.0
Stealth        | 1 |  1.2
Long Blades    | |  0.5

Action                   |  1- 3 |  4- 6 |  7- 9 | 10-12 || total
-------------------------+-------+-------+-------+-------++-------
Melee: War axe           |    38 |   134 |   185 |    26 ||   383
       Headbutt          |     2 |    24 |    51 |     6 ||    83
       Mace              |       |       |    56 |       ||    56
       Great sword       |       |       |       |    16 ||    16
 Fire: Shortbow          |       |       |   117 |    15 ||   132
Throw: Dart              |       |    18 |    21 |     3 ||    42
  Use: Potion            |     1 |       |     1 |     2 ||     4
       Scroll            |       |     8 |     3 |       ||    11
 Stab: Invisible         |       |       |     1 |       ||     1
Armor: Scale mail        |    21 |    60 |    71 |       ||   152
       Plate armour      |       |       |    38 |    23 ||    61
       Leather armour    |       |       |     2 |       ||     2
Dodge: Dodged            |    24 |    61 |   142 |    32 ||   259
Block: Buckler           |     9 |    32 |    25 |       ||    66

Table legend: (Time is in decaauts)
 A = Elapsed time spent in this place.
 B = Non-inter-level travel time spent in this place.
 C = Inter-level travel time spent in this place.
 D = Time resting spent in this place.
 E = Time spent auto-exploring this place.
 F = Levels seen in this place.
 G = Mean time per level.
                   A        B        C        D        E       F      G
               +--------+--------+--------+--------+--------+-----+--------+
         Total |   8610 |   8239 |    371 |    717 |   5410 |  11 |  782.7 |
       Dungeon |   7996 |   7643 |    353 |    717 |   5096 |   9 |  888.4 |
        Temple |    216 |    198 |     18 |      0 |    178 |   1 |  216.0 |
         Sewer |    397 |    397 |      0 |      0 |    135 |   1 |  397.0 |
               +--------+--------+--------+--------+--------+-----+--------+

Top non-repeatable levels by time:
     D:7: 1477 daAuts
     D:6: 1313 daAuts
     D:2: 1179 daAuts
     D:8: 917 daAuts
     D:4: 849 daAuts
     D:5: 800 daAuts
     D:1: 799 daAuts
     D:3: 644 daAuts
   Sewer: 397 daAuts
  Temple: 216 daAuts
     D:9: 13 daAuts
